 Dungeon Crawl Stone Soup version 0.30-a0-292-g0f741e3f8e (webtiles) character file.

Game seed: 12092385034518080655

4 themarg the Chopper (level 1, 0/20 HPs)
             Began as a Hill Orc Monk on Oct 18, 2022.
             Slain by a gnoll
             ... wielding a +0 spear
              (7 damage)
             ... on level 1 of the Dungeon.
             The game lasted 00:00:38 (178 turns).

themarg the Chopper (Hill Orc Monk)                  Turns: 178, Time: 00:00:39

Health: 0/20       AC:  2    Str: 13    XL:     1   Next: 60%
Magic:  1/1        EV: 12    Int: 10    God:
Gold:   10         SH:  0    Dex: 13    Spells: 0/0 levels left

rFire   . . .      SeeInvis .    a - +0 hand axe
rCold   . . .      Faith    .    (no shield)
rNeg    . . .      Spirit   .    b - +0 robe
rPois   .          Reflect  .    (no helmet)
rElec   .          Harm     .    (no cloak)
rCorr   .          Rampage  .    (no gloves)
Will    .....                    (no boots)
Stlth   +.........               (no amulet)
HPRegen 0.23/turn                (no ring)
MPRegen 0.07/turn                (no ring)

@: confused, ambrosia-drunk
A: no striking features
a: no special abilities


You were on level 1 of the Dungeon.
You visited 1 branch of the dungeon, and saw 1 of its levels.

You collected 10 gold pieces.

Inventory:

Hand Weapons
 a - a +0 hand axe (weapon)
Armour
 b - a +0 robe (worn)
Potions
 c - a potion of ambrosia


   Skills:
 * Level 3.8 Fighting
 - Level 4.0 Axes
 - Level 2.4 Dodging
 + Level 1.7 Stealth


You couldn't memorise any spells.
You didn't know any spells.
Your spell library was empty.

Dungeon Overview and Level Annotations

Branches:
Dungeon (1/15)

Altars:


Message History

The ball python closely misses you.
You closely miss the ball python. The ball python closely misses you.
The ball python grabs you. The ball python constricts you.
You hit the ball python but do no damage.
The ball python bites you. The ball python constricts you.
The ball python bites you. The ball python constricts you.
You are too injured to fight recklessly!
You barely miss the ball python.
The ball python bites you but does no damage.
The ball python constricts you.
You slash the ball python!
You kill the ball python!
You start resting.
HP restored.
c - 2 potions of ambrosia (gained 1)
Found a sling.
A quokka comes into view.
A rat comes into view.
The helpless quokka fails to defend itself.
You hit the quokka but do no damage. The quokka bites you.
You slash the quokka!
You kill the quokka!
You see here a quokka corpse.
You closely miss the rat. The rat bites you.
You hit the rat but do no damage. The rat closely misses you.
You barely miss the rat. The rat closely misses you.
You hit the rat.
You kill the rat!
You see here a rat corpse.
A gnoll comes into view. It is wielding a +0 spear.
The gnoll shouts!
The gnoll hits you from afar with a +0 spear!
Ouch! That really hurt!
The gnoll closely misses you.
You closely miss the gnoll. The gnoll barely misses you.
You closely miss the gnoll. The gnoll hits you with a +0 spear!
* * * LOW HITPOINT WARNING * * *
You are confused.
You feel invigorated. The gnoll hits you with a +0 spear!
You die...

..) #.# #.#
######### #.#
#.@..††.# #.#
#g#####.# #.# #. #.#
#.#######
....###.###........
.#.#..........#.####
.##.#####.##########
#. #. ...#####♣#####
# ## ######⌠.♣_♣.⌠##
##.......##


You could see a gnoll.

Vanquished Creatures
  A hobgoblin (D:1)
  A quokka (D:1)
  A ball python (D:1)
  A rat (D:1)
4 creatures vanquished.

Notes
Turn   | Place    | Note
-------+----------+-------------------------------------------
     0 | D:1      | themarg the Hill Orc Monk began the quest for the Orb.
     0 | D:1      | Reached XP level 1. HP: 19/19 MP: 1/1
   178 | D:1      | Slain by a gnoll

Illustrated notes

Levels and vault maps discovered:
D:1:      spicycebolla_arrival_ecumenical, layout_loops_corners

Action                   || total
-------------------------++-------
Melee: Hand axe          ||    16
  Use: Potion            ||     1
 Stab: Sleeping          ||     1
Armor: Robe              ||     1
Dodge: Dodged            ||     8

Table legend: (Time is in decaauts)
 A = Elapsed time spent in this place.
 B = Non-inter-level travel time spent in this place.
 C = Inter-level travel time spent in this place.
 D = Time resting spent in this place.
 E = Time spent auto-exploring this place.
 F = Levels seen in this place.
 G = Mean time per level.
                   A        B        C        D        E       F      G
               +--------+--------+--------+--------+--------+-----+--------+
         Total |    179 |    179 |      0 |     28 |    109 |   1 |  179.0 |
       Dungeon |    179 |    179 |      0 |     28 |    109 |   1 |  179.0 |
               +--------+--------+--------+--------+--------+-----+--------+

Top non-repeatable levels by time:
     D:1: 179 daAuts
